 Dungeon Crawl Stone Soup version 0.29.1-2-gbd0b4ee654 (webtiles) character file.

Game seed: 1951998187471014197

90 zeram the Shield-Bearer (level 4, -3/41 HPs)
             Began as a Gnoll Fighter on Nov 6, 2022.
             Killed from afar by Natasha (7 damage)
             ... with a magic dart
             ... on level 2 of the Dungeon.
             The game lasted 00:02:30 (1036 turns).

zeram the Shield-Bearer (Gnoll Fighter)             Turns: 1036, Time: 00:02:31

Health: -3/41      AC: 11    Str: 14 (15) XL:     4   Next: 56%
Magic:  5/5        EV:  6    Int:  7 (9)  God:
Gold:   36         SH:  5    Dex: 10 (12) Spells: 5/5 levels left

rFire   . . .      SeeInvis .   i - +0 dagger (freeze)
rCold   . . .      Faith    .   c - +0 buckler
rNeg    . . .      Spirit   .   b - +0 scale mail
rPois   .          Reflect  .   (no helmet)
rElec   .          Harm     .   (no cloak)
rCorr   .          Rampage  .   (no gloves)
Will    .....                   (no boots)
Stlth   ..........              (no amulet)
HPRegen 0.13/turn               g - +4 ring of protection
MPRegen 0.09/turn               (no ring)

@: grasped by roots, constricted
A: fangs 1, strong nose, distributed training
a: no special abilities


You were on level 2 of the Dungeon.
You visited 1 branch of the dungeon, and saw 2 of its levels.

You collected 36 gold pieces.

Inventory:

Hand Weapons
 a - a +0 trident
 i - a +0 dagger of freezing (weapon)
Armour
 b - a +0 scale mail (worn)
 c - a +0 buckler (worn)
Jewellery
 g - a +4 ring of protection (left hand)
Scrolls
 e - a scroll of magic mapping {unknown}
 j - a scroll of identify {unknown}


   Skills:
 + Level 6.6 Fighting
 + Level 1.2 Short Blades
 + Level 1.2 Long Blades
 + Level 1.2 Axes
 + Level 1.2 Maces & Flails
 + Level 4.7 Polearms
 + Level 1.2 Staves
 + Level 1.2 Ranged Weapons
 + Level 1.2 Throwing
 + Level 6.6 Armour
 + Level 1.2 Dodging
 + Level 1.2 Stealth
 + Level 6.6 Shields
 + Level 1.2 Unarmed Combat
 + Level 1.2 Spellcasting
 + Level 1.0 Conjurations
 + Level 1.0 Hexes
 + Level 1.0 Summonings
 + Level 1.0 Necromancy
 + Level 1.0 Translocations
 + Level 1.0 Transmutations
 + Level 1.0 Fire Magic
 + Level 1.0 Ice Magic
 + Level 1.0 Air Magic
 + Level 1.0 Earth Magic
 + Level 1.0 Poison Magic
 + Level 1.3 Invocations
 + Level 1.2 Evocations


You had 5 spell levels left.
You didn't know any spells.
Your spell library was empty.

Dungeon Overview and Level Annotations

Branches:
Dungeon (2/15)

Altars:

Shops:
D:2 (

Annotations:
D:2 Natasha


Innate Abilities, Weirdness & Mutations

You have very sharp teeth.
Your uncanny sense of smell can sniff out nearby items.
Your experience applies equally to all skills.


Message History

You feel disoriented. Natasha claws you!
* * * LOW HITPOINT WARNING * * *
You hit Natasha. You freeze Natasha. You bite Natasha, but do no damage.
Natasha is heavily wounded.
The crimson imp barely misses you. You block the white imp's attack.
You block the iron imp's attack. The kobold hits you but does no damage.
Natasha claws you but does no damage.
You hit Natasha. You freeze Natasha.
Natasha is severely wounded.
The white imp completely misses you.
The crimson imp blinks!
The kobold hits you with a +0 club.
* * * LOW HITPOINT WARNING * * *
The iron imp hits you but does no damage.
Natasha stares at you and mumbles some strange words.
You resist with some effort.
You barely miss Natasha.
Natasha is severely wounded.
The white imp closely misses you. You block the kobold's attack.
The iron imp closely misses you.
Natasha zaps a wand.
The roots erupt in riotous growth!
The grasping roots grab you!
The kobold is unaffected.
Natasha is unaffected.
The iron imp is unaffected.
The white imp is unaffected.
The grasping roots constrict you.
Unknown command.
You hit Natasha. You freeze Natasha.
Natasha is almost dead.
The iron imp disappears in a puff of smoke!
The white imp gestures at you. You block the puff of frost.
The kobold hits you with a +0 club.
* * * LOW HITPOINT WARNING * * *
Natasha claws you but does no damage. The grasping roots constrict you.
* * * LOW HITPOINT WARNING * * *
You miss Natasha.
Natasha is almost dead.
The white imp hits you but does no damage.
You block the kobold's attack.
Natasha stares at you and mumbles some strange words.
The magic dart hits you!
You die...

... ∆ ∆#.# #.# #.# #.#
# .. ### ##.###.#....
.... ###...@h......
.....####....K.5.#....
............###### .
...........##
.....###∩.##
.....###.##
..........# ####.....#
#.....#


You could see Natasha, a white imp (summoned) and a kobold.

Vanquished Creatures
  Natasha (twice) (D:2)
  A dart slug (D:1)
  2 endoplasms (D:1)
  2 giant cockroaches (D:1)
  3 goblins (D:1)
  A hobgoblin (D:1)
  7 jackals
  2 quokkas (D:1)
  5 ball pythons (D:1)
  3 bats
  A frilled lizard (D:1)
  5 kobolds
  A rat (D:1)
35 creatures vanquished.

Notes
Turn   | Place    | Note
-------+----------+-------------------------------------------
     0 | D:1      | zeram the Gnoll Fighter began the quest for the Orb.
     0 | D:1      | Reached XP level 1. HP: 23/23 MP: 1/1
   129 | D:1      | Reached XP level 2. HP: 26/29 MP: 2/2
   315 | D:1      | Reached XP level 3. HP: 14/35 MP: 3/3
   730 | D:2      | Found a faded altar of an unknown god.
   743 | D:2      | Noticed Natasha
   750 | D:2      | Reached skill level 1 in Invocations
   765 | D:2      | Killed Natasha
   766 | D:2      | Reached skill level 1 in Short Blades
   766 | D:2      | Reached skill level 1 in Long Blades
   766 | D:2      | Reached skill level 1 in Axes
   766 | D:2      | Reached skill level 1 in Maces & Flails
   766 | D:2      | Reached skill level 1 in Staves
   766 | D:2      | Reached skill level 1 in Ranged Weapons
   766 | D:2      | Reached skill level 1 in Throwing
   766 | D:2      | Reached skill level 1 in Dodging
   766 | D:2      | Reached skill level 1 in Stealth
   766 | D:2      | Reached skill level 1 in Unarmed Combat
   766 | D:2      | Reached skill level 1 in Spellcasting
   766 | D:2      | Reached skill level 1 in Evocations
   766 | D:2      | Reached XP level 4. HP: 11/41 MP: 5/5
   773 | D:2      | Noticed Natasha
   786 | D:2      | Killed Natasha
   787 | D:2      | Reached skill level 1 in Conjurations
   787 | D:2      | Reached skill level 1 in Hexes
   787 | D:2      | Reached skill level 1 in Summonings
   787 | D:2      | Reached skill level 1 in Necromancy
   787 | D:2      | Reached skill level 1 in Translocations
   787 | D:2      | Reached skill level 1 in Transmutations
   787 | D:2      | Reached skill level 1 in Fire Magic
   787 | D:2      | Reached skill level 1 in Ice Magic
   787 | D:2      | Reached skill level 1 in Air Magic
   787 | D:2      | Reached skill level 1 in Earth Magic
   787 | D:2      | Reached skill level 1 in Poison Magic
   883 | D:2      | Found Qumnafups's Weapon Boutique.
  1016 | D:2      | Noticed Natasha
  1036 | D:2      | Killed from afar by Natasha

Illustrated notes

Levels and vault maps discovered:
D:1:      roderic_chinese_lattice_arrival, layout_rooms
D:2:      layout_rooms, nicolae_ecumenical_oubliette, serial_shops, shop,
          nicolae_shop_temple_entry_statues_fountains, shop, nicolae_shop_trees,
          shop_statue, minmay_surrounded, uniq_natasha

Skill      XL: |  1  2  3  4 |
---------------+-------------+-----
Invocations    | 1 |  1.3
Short Blades   | 1 |  1.2
Long Blades    | 1 |  1.2
Axes           | 1 |  1.2
Maces & Flails | 1 |  1.2
Staves         | 1 |  1.2
Ranged Weapons | 1 |  1.2
Throwing       | 1 |  1.2
Dodging        | 1 |  1.2
Stealth        | 1 |  1.2
Unarmed Combat | 1 |  1.2
Spellcasting   | 1 |  1.2
Evocations     | 1 |  1.2
Conjurations   | 1 |  1.0
Hexes          | 1 |  1.0
Summonings     | 1 |  1.0
Necromancy     | 1 |  1.0
Translocations | 1 |  1.0
Transmutations | 1 |  1.0
Fire Magic     | 1 |  1.0
Ice Magic      | 1 |  1.0
Air Magic      | 1 |  1.0
Earth Magic    | 1 |  1.0
Poison Magic   | 1 |  1.0
Fighting       | |  6.6
Polearms       | |  4.7
Armour         | |  6.6
Shields        | |  6.6

Action                   |  1- 3 |  4- 6 || total
-------------------------+-------+-------++-------
Melee: Trident           |    72 |       ||    72
       Bite              |     3 |     3 ||     6
       Dagger            |    37 |    37 ||    74
  Use: Scroll            |     2 |       ||     2
       Potion            |       |     3 ||     3
Armor: Scale mail        |    44 |    32 ||    76
Dodge: Dodged            |    40 |    22 ||    62
Block: Buckler           |    42 |    18 ||    60
